Map: Crimson Court LE

Players

ManlyManMeat

  • Race: Zerg Zerg
  • Spawn Location: 7:00

KillerNL - Winner!

  • Race: Protoss Protoss
  • League: Master
  • Spawn Location: 1:00

VOD

Have the link to the VOD?

Description

Time

  • Played on: Sept. 10, 2024, 7:28 a.m.
  • Length: 22:21
Show
View Real Time Build Order
Export as new Build Order

ManlyManMeat Zerg 

Build Orders: Hatch First 

Get SALT Encoding   

  12  0:01  Drone  
  13  0:13  Drone  
  14  0:22  Overlord  
  14  0:43  Hatchery  
  14  0:46  Drone  
  14  0:54  Drone x2  
  16  1:10  Spawning Pool  
  15  1:14  Drone  
  15  1:16  Extractor  
  15  1:18  Drone  
  16  1:22  Drone  
  17  1:33  Drone  
  18  1:40  Drone  
  19  1:57  Drone x2  
  19  1:58  Queen  
  19  2:01  Queen  
  25  2:10  Zergling x4  
  27  2:21  Drone  
  28  2:24  Overlord x2  
  28  2:30  Metabolic Boost  
  28  2:50  Drone x5  
  33  3:10  Hatchery  
  32  3:15  Overlord  
  32  3:16  Overlord, Drone  
  32  3:18  Drone x3  
  36  3:27  Overlord  
  36  3:33  Drone x4  
  40  3:47  Evolution Chamber  
  39  3:48  Evolution Chamber  
  39  3:50  Drone x2  
  39  3:53  Drone x2  
  42  4:08  Queen  
  44  4:10  Zergling x12  
  50  4:26  Drone x4  
  50  4:29  Drone  
  50  4:30  Queen  
  57  4:38  Zerg Melee Weapons Level 1  
  57  4:42  Baneling Nest  
  57  4:45  Extractor  
  55  4:46  Extractor  
  55  4:48  Extractor  
  55  4:51  Drone x4  
  55  4:52  Drone x6  
  63  4:58  Drone  
  64  5:06  Overlord  
  64  5:07  Overlord  
  64  5:08  Overlord  
  64  5:09  Overlord  
  64  5:10  Overlord  
  64  5:33  Zergling x18  
  73  5:37  Queen  
  73  5:38  Queen  
  73  5:41  Overlord x2  
  73  5:42  Overlord  
  77  5:44  Drone  
  77  5:45  Drone x2  
  77  5:46  Extractor  
  77  5:47  Drone  
  77  5:48  Extractor  
  77  5:49  Zergling x10  
  84  6:03  Zerg Ground Armor Level 1  
  84  6:21  Drone x10  
  94  6:40  Drone x4  
  98  6:49  Zergling x2  
  98  6:50  Zergling x4  
  101  6:55  Zergling x8  
  101  6:56  Zergling x10  
  101  6:59  Baneling x2  
  101  7:00  Baneling x6  
  101  7:01  Baneling x5  
  110  7:10  Hatchery  
  110  7:11  Hatchery  
  110  7:12  Hatchery  
  110  7:14  Hatchery x2  
  105  7:29  Zergling x18  
  84  8:11  Spine Crawler  
  84  8:12  Spine Crawler  
  81  8:14  Spore Crawler  
  81  8:18  Spore Crawler  
  79  8:26  Spore Crawler x3  
  76  8:27  Spore Crawler  
  76  8:28  Spore Crawler  
  76  8:29  Spore Crawler  
  76  8:31  Spore Crawler x2  
  76  8:32  Spore Crawler  
  76  8:33  Spore Crawler x3  
  67  8:34  Spore Crawler  
  67  8:35  Spore Crawler  
  67  8:36  Spore Crawler  
  67  8:37  Zergling x44  
  86  8:57  Zergling x14  
  93  9:10  Baneling x3  
  93  9:11  Baneling x13  
  93  9:12  Baneling x2  
  93  9:18  Lair  
  93  9:56  Zergling x12  
  93  9:57  Zergling x30  
  114  10:14  Zergling x18  
  67  10:57  Drone x6  
  67  10:58  Drone x6  
  73  11:09  Hydralisk Den  
  72  11:17  Hydralisk Den  
  71  11:39  Centrifugal Hooks  
  71  12:13  Hydralisk  
  71  12:14  Hydralisk x26  
  125  12:19  Zerg Missile Weapons Level 1  
  125  12:20  Zerg Ground Armor Level 2  
  125  12:30  Grooved Spines  
  125  12:44  Hatchery, Extractor  
  123  13:07  Drone x2  
  123  13:08  Drone x8  
  123  13:09  Drone x4  
  137  13:22  Hatchery  
  137  13:26  Extractor  
  135  13:46  Drone x3  
  135  13:47  Drone x6  
  135  13:48  Drone x2  
  146  13:49  Drone  
  146  13:50  Drone x2  
  146  13:51  Drone x2  
  151  14:02  Hydralisk  
  151  14:03  Hydralisk x2  
  151  14:06  Overlord  
  151  14:07  Overlord  
  151  14:08  Overlord x6  
  157  14:11  Overseer  
  157  14:12  Extractor  
  157  14:13  Overlord x4  
  156  14:31  Muscular Augments  
  156  14:32  Hatchery  
  156  14:36  Zerg Missile Weapons Level 2  
  155  14:52  Infestation Pit  
  154  15:33  Hydralisk  
  154  15:34  Hydralisk x21  
  198  15:40  Hive  
  198  16:16  Hydralisk  
  198  16:17  Hydralisk  
  173  16:26  Hydralisk x6  
  173  16:27  Hydralisk x2  
  157  16:35  Hydralisk x2  
  107  17:09  Drone x12  
  107  17:10  Drone x6  
  125  17:38  Spire  
  125  17:40  Overlord, Drone  
  125  17:43  Spire  
  124  17:51  Extractor  
  124  17:52  Extractor  
  122  18:42  Hydralisk x6  
  122  18:43  Hydralisk x6  
  146  18:49  Zerg Missile Weapons Level 3  
  146  18:50  Zerg Ground Armor Level 3  
  146  18:55  Corruptor  
  146  18:56  Corruptor x8  
  146  18:57  Corruptor  
  146  18:58  Corruptor  
  168  19:14  Corruptor x4  
  174  19:24  Corruptor x2  
  148  19:40  Drone x3  
  148  19:41  Zergling x28  
  148  19:42  Zergling x74  
  140  19:57  Zergling x18  
  140  19:58  Zergling x30  
  153  20:07  Zergling x10  
  153  20:08  Zergling x4  
  142  20:27  Zergling x40  
  118  20:40  Corruptor x10  
  120  20:59  Corruptor x7  
  120  21:00  Corruptor  
  122  21:12  Corruptor x2  
  122  21:13  Corruptor  
  96  21:37  Corruptor x3  
Show
View Real Time Build Order
Export as new Build Order

KillerNL Protoss - Winner!

Build Orders: 1 Gate Expand, Carriers 

Get SALT Encoding   

  12  0:03  Probe  
  13  0:15  Probe  
  14  0:24  Pylon  
  14  0:27  Probe  
  15  0:42  Probe  
  16  0:45  Gateway  
  16  0:54  Probe  
  17  1:00  Assimilator  
  17  1:06  Probe  
  18  1:19  Probe  
  19  1:31  Probe  
  20  1:33  Nexus  
  20  1:36  Pylon  
  20  1:46  Cybernetics Core  
  20  1:52  Probe  
  21  1:57  Assimilator  
  21  2:02  Zealot (Chrono Boost)  
  21  2:04  Probe  
  24  2:16  Probe  
  25  2:26  Shield Battery  
  25  2:27  Sentry  
  25  2:32  Warp Gate (Chrono Boost)  
  27  2:40  Probe  
  28  2:50  Gateway  
  28  2:52  Probe  
  28  2:57  Pylon  
  29  3:15  Stargate  
  29  3:17  Pylon  
  29  3:22  Probe x2  
  31  3:40  Probe x2  
  33  3:47  Stargate  
  33  3:49  Twilight Council  
  33  3:52  Probe  
  34  4:14  Stalker  
  34  4:16  Void Ray, Zealot  
  42  4:18  Probe x2  
  44  4:26  Pylon  
  44  4:29  Shield Battery  
  44  4:30  Probe x2  
  46  4:41  Robotics Facility  
  46  4:42  Probe x2  
  46  4:45  Stalker  
  50  4:54  Probe x2  
  50  4:59  Assimilator x2  
  52  5:06  Probe x2  
  54  5:18  Probe  
  54  5:19  Probe  
  54  5:20  Stalker x2  
  64  5:30  Void Ray  
  64  5:31  Probe x2  
  66  5:43  Probe x2  
  66  5:44  Blink (Chrono Boost)  
  68  5:53  Protoss Air Weapons Level 1 (Chrono Boost)  
  68  5:55  Probe  
  69  6:04  Pylon  
  69  6:07  Pylon  
  69  6:09  Pylon  
  69  6:15  Pylon  
  69  6:19  Forge  
  69  6:20  Cybernetics Core  
  69  6:21  Warp Prism  
  69  6:22  Pylon x2  
  75  6:33  Void Ray  
  75  6:45  Nexus  
  75  6:48  Pylon  
  75  6:49  Pylon  
  75  6:52  Pylon  
  79  6:57  Void Ray  
  79  7:08  Probe x2  
  81  7:13  Protoss Air Armor Level 1  
  81  7:14  Robotics Bay  
  81  7:20  Probe x2  
  83  7:29  Shield Battery  
  83  7:30  Shield Battery  
  83  7:32  Probe x2, Shield Battery  
  83  7:35  Shield Battery  
  83  7:36  Photon Cannon  
  85  7:39  Photon Cannon  
  85  7:44  Probe x2  
  87  7:57  Stalker  
  82  8:00  Stalker, Void Ray x2  
  74  8:25  Photon Cannon  
  74  8:26  Photon Cannon  
  74  8:28  Photon Cannon  
  74  8:30  Photon Cannon  
  74  8:43  Pylon  
  74  8:45  Pylon  
  74  8:46  Gateway  
  74  9:03  Stalker x2  
  86  9:11  Void Ray x2  
  86  9:19  Colossus  
  92  9:35  Fleet Beacon  
  92  9:42  Stalker x2  
  92  9:44  Sentry  
  106  9:54  Void Ray x2  
  99  10:37  Void Ray x2  
  92  11:14  Carrier  
  92  11:18  Pylon  
  98  11:19  Pylon  
  98  11:21  Pylon  
  98  11:23  Stargate, Pylon  
  98  11:25  Pylon  
  98  11:27  Nexus  
  98  11:28  Stargate  
  98  11:31  Stargate  
  98  11:34  Stargate  
  98  11:39  Templar Archives  
  98  11:46  Probe x3, Assimilator x2  
  101  11:58  Probe x3  
  104  12:05  Photon Cannon  
  104  12:08  Photon Cannon  
  104  12:10  Probe x3, Photon Cannon  
  104  12:15  Photon Cannon  
  107  12:16  Photon Cannon  
  107  12:18  Shield Battery  
  107  12:20  Shield Battery  
  107  12:22  Probe x3  
  110  12:23  Protoss Shields Level 1  
  110  12:34  Probe  
  110  12:37  High Templar  
  113  12:38  Sentry  
  113  12:43  Protoss Air Weapons Level 2  
  115  12:46  Sentry, Protoss Air Armor Level 2  
  117  12:57  Tempest  
  122  13:04  Probe x4  
  126  13:16  Probe x4  
  130  13:28  Probe x2  
  130  13:29  Probe x2  
  134  13:39  Stalker x3  
  134  13:40  Probe x2  
  134  13:41  Probe x2  
  144  13:55  Gateway  
  144  14:05  Charge  
  144  14:07  Anion Pulse-Crystals  
  144  14:09  Gateway  
  144  14:10  Tempest  
  144  14:13  Tempest  
  144  14:14  Tempest x2  
  164  14:18  Tempest  
  164  14:19  Pylon  
  164  14:21  Pylon  
  169  14:31  Pylon  
  169  14:34  Pylon  
  169  14:38  Pylon  
  169  14:43  Pylon  
  169  14:44  Colossus  
  175  14:53  Zealot x3  
  175  14:57  Tempest  
  175  14:58  Tempest  
  191  15:02  Zealot  
  193  15:11  Flux Vanes  
  193  15:28  Protoss Shields Level 2  
  193  15:38  Observer  
  194  15:48  Unknown  
  194  16:02  Protoss Air Weapons Level 3  
  162  16:40  Tempest x3  
  162  16:41  Tempest x2  
  162  16:44  Zealot x2  
  162  16:45  Zealot  
  179  16:47  Zealot x2  
  183  17:03  Tempest  
  183  17:06  High Templar x2  
  192  17:18  Nexus  
  192  17:19  Pylon  
  192  17:20  Pylon  
  192  17:21  Pylon  
  192  17:22  Pylon  
  192  17:24  Pylon  
  192  17:44  Photon Cannon  
  192  17:45  Photon Cannon x2  
  192  17:46  Photon Cannon  
  192  17:47  Photon Cannon x2  
  192  17:48  Photon Cannon  
  192  17:49  Photon Cannon x2  
  192  17:50  Photon Cannon x2  
  192  17:52  Photon Cannon x2  
  192  17:53  Carrier, Photon Cannon  
  192  17:54  Photon Cannon x2  
  192  17:55  Photon Cannon  
  192  17:56  Pylon  
  192  17:58  Pylon x2  
  198  18:07  Assimilator x2  
  198  18:37  Pylon  
  198  18:47  Pylon  
  198  18:51  Protoss Shields Level 3  
  198  19:11  Protoss Air Armor Level 3  
  182  19:51  Carrier x2 (Chrono Boost)  
  182  19:52  Carrier x2 (Chrono Boost)  
  200  19:53  Carrier (Chrono Boost)  
  199  21:32  Photon Cannon  
  194  21:33  Photon Cannon x2  
  194  21:34  Photon Cannon  
  194  21:35  Photon Cannon  
  194  21:37  Photon Cannon  
  194  21:40  Photon Cannon x2  
  194  21:48  Photon Cannon  
  194  21:49  Photon Cannon x2  
  194  21:51  Photon Cannon  
  194  21:52  Photon Cannon x2  
  194  21:53  Photon Cannon  
  194  21:54  Photon Cannon x2  
  184  21:55  Photon Cannon x5  
  184  21:56  Photon Cannon  
  184  21:57  Photon Cannon x3  
  184  21:58  Photon Cannon x2  
  184  21:59  Photon Cannon x2  
  196  22:01  Photon Cannon  
  196  22:03  Photon Cannon  
  196  22:04  Photon Cannon  
Tags
 
Composition
Carriers
League
Master
Matchup
PvZ
Replay Pack
ee
Spawn Locations
Cross Positions
Add a new tag
Caveats
  • Supply blocks, unpowered buildings, or Contaminate may cause inaccurate times.
  • Supply counts are checked every 10 seconds.